 Dungeon Crawl Stone Soup version 0.28-a0-2-g643f2454ad (webtiles) character file.

Game seed: 8072519773855845708

135 Spaninq the Chopper (level 4, -2/34 HPs)
             Began as a Mummy Wanderer on July 22, 2021.
             Slain by a gnoll (8 damage)
             ... on level 2 of the Dungeon.
             The game lasted 00:07:03 (4039 turns).

Spaninq the Chopper (Mummy Wanderer)                Turns: 4039, Time: 00:07:04

Health: -2/34      AC:  8    Str: 16    XL:     4   Next: 97%
Magic:  4/4        EV:  9    Int: 12    God:
Gold:   76         SH:  0    Dex: 10    Spells: 3/3 levels left

rFire   x . .      SeeInvis .   a - +0 hand axe
rCold   + . .      Faith    .   (no shield)
rNeg    + + +      Spirit   .   b - +2 scale mail
rPois   ∞          Reflect  .   (no helmet)
rElec   .          Harm     .   (no cloak)
rCorr   .          Rampage  .   (no gloves)
Will    .....                   (no boots)
Stlth   ..........              (no amulet)
HPRegen 0.11/turn               (no ring)
MPRegen 0.09/turn               (no ring)

@: no status effects
A: cold resistance 1, negative energy resistance 3, torment resistance 2, heat
vulnerability 1, no potions
a: no special abilities


You were on level 2 of the Dungeon.
You visited 1 branch of the dungeon, and saw 3 of its levels.

You collected 76 gold pieces.

Inventory:

Hand Weapons
 a - a +0 hand axe (weapon)
Armour
 b - a +2 scale mail (worn)
Scrolls
 d - a scroll of enchant armour {unknown}
 e - a scroll of identify {unknown}
 f - a scroll of noise {unknown}


   Skills:
 + Level 2.4 Fighting
 * Level 3.2 Axes
 - Level 2.4 Bows
 - Level 1.0 Throwing
 + Level 2.5 Armour
 - Level 1.0 Stealth


You had 3 spell levels left.
You didn't know any spells.
Your spell library contained the following spells:

 Spells                   Type           Power      Damage    Failure   Level
 Summon Small Mammal      Summ           0%         N/A       75%         1
 Call Canine Familiar     Summ           0%         N/A       98%         3
 Summon Guardian Golem    Hex/Summ       0%         N/A       98%         3


Dungeon Overview and Level Annotations

Branches:
Dungeon (3/15)

Altars:
Kikubaaqudgha
Zin


Innate Abilities, Weirdness & Mutations

You are immune to poison.
Your flesh is cold resistant. (rC+)
You are immune to negative energy. (rN+++)
You are immune to unholy pain and torment.
You are vulnerable to heat. (rF-)
You do not drink.


Message History

Done exploring.
Level map cleared.
You see here a +0 spear.
There is a stone staircase leading down here.
There is a stone staircase leading down here.
There is a stone staircase leading up here.
The gnoll shouts!
A gnoll is nearby!
You hit the gnoll but do no damage. The gnoll hits you with a +0 flail.
You hit the gnoll.
The gnoll is moderately wounded.
The gnoll closely misses you.
You hit the gnoll but do no damage.
The gnoll is moderately wounded.
The gnoll hits you with a +0 flail! x2
You barely miss the gnoll.
The gnoll is moderately wounded.
The gnoll hits you but does no damage.
You hit the gnoll.
The gnoll is heavily wounded.
The gnoll barely misses you.
You closely miss the gnoll.
The gnoll is heavily wounded.
The gnoll barely misses you.
You closely miss the gnoll.
The gnoll is heavily wounded.
The gnoll barely misses you.
You closely miss the gnoll.
The gnoll is heavily wounded.
The gnoll hits you with a +0 flail.
You barely miss the gnoll.
The gnoll is heavily wounded.
The gnoll hits you with a +0 flail!
* * * LOW HITPOINT WARNING * * *
The gnoll hits you with a +0 flail.
* * * LOW HITPOINT WARNING * * *
You hit the gnoll.
The gnoll is almost dead.
The gnoll hits you with a +0 flail!
You die...

*,*,*,*,#.#...........#
*,*,*,*,#.#.#####.###.#***
*(*,,,*,..#.###.<.....#*,,
*,**#######..##..........,
*,,,.........##......^##.,
******..###...............,,
*,,,,,..........#.#.######.,
*,*,,,.+..##....#>#...,,,,,,
*,,**,...*#@..##......#***,,
*,*,,,.#..g.#.#*........,,,,
*,,*..........##...P...##*,,
*,*,.....#..#.##....P..# ***
*,,,..._...#......♣♣...*
*,,,.#.....*...(,*P*P,,*
*,,,,#...#.,..#..**P,,,*
**,,,,......,..#PPP*,PP,*
*,,,*,**,,,,,,,*,P**P,,,*


You could see a gnoll.

Vanquished Creatures
  A hound (D:2)
  2 gnolls
  3 adders
  2 worms (D:2)
  3 orcs (D:3)
  10 ball pythons
  4 bats
  5 endoplasms
  A giant cockroach (D:2)
  6 hobgoblins
  A jackal (D:2)
  2 quokkas
  4 frilled lizards
  3 goblins
  A kobold (D:2)
  5 rats
53 creatures vanquished.

Vanquished Creatures (others)
  A plant (D:2)
1 creature vanquished.

Grand Total: 54 creatures vanquished

Notes
Turn   | Place    | Note
-------+----------+-------------------------------------------
     0 | D:1      | Spaninq the Mummy Wanderer began the quest for the Orb.
     0 | D:1      | Spaninq set off with the following items: a +0 hand axe, a
                  | +2 scale mail, a scroll of teleportation
     0 | D:1      | Reached XP level 1. HP: 15/15 MP: 1/1
   687 | D:1      | Reached XP level 2. HP: 20/21 MP: 2/2
   718 | D:1      | Reached skill level 2 in Axes
  1359 | D:2      | Reached XP level 3. HP: 20/26 MP: 3/3
  1496 | D:2      | Found a faded altar of an unknown god.
  1685 | D:2      | Reached XP level 4. HP: 26/33 MP: 4/4
  2649 | D:2      | Reached skill level 3 in Axes
  2774 | D:3      | Found an ancient bone altar of Kikubaaqudgha.
  4023 | D:2      | Found a faded altar of an unknown god.
  4039 | D:2      | Slain by a gnoll

Illustrated notes

Levels and vault maps discovered:
D:1:      minmay_arrival_widening_spiral_wide, layout_basic
D:2:      minmay_recursive_quarters, layout_rooms, serial_forest,
          infiniplex_forest_clump_long, infiniplex_forest_straight_3,
          infiniplex_forest_straight_3, infiniplex_forest_lined_2, basic_altar,
          hellmonk_ecumenical_altar_blasted, minivault_27
D:3:      layout_basic, trog_wizard, kiku_gazebo_pond_becter

Skill      XL: |  1  2  3  4 |
---------------+-------------+-----
Axes           | 2 3 |  3.2
Armour         | 2 |  2.5
Fighting       | 2 |  2.4
Bows           | |  2.4
Throwing       | |  1.0
Stealth        | |  1.0

Action                   |  1- 3 |  4- 6 || total
-------------------------+-------+-------++-------
Melee: Hand axe          |   143 |   144 ||   287
  Use: Scroll            |       |     3 ||     3
Armor: Scale mail        |    80 |    53 ||   133
Dodge: Dodged            |    62 |    72 ||   134

Table legend: (Time is in decaauts)
 A = Elapsed time spent in this place.
 B = Non-inter-level travel time spent in this place.
 C = Inter-level travel time spent in this place.
 D = Time resting spent in this place.
 E = Time spent auto-exploring this place.
 F = Levels seen in this place.
 G = Mean time per level.
                   A        B        C        D        E       F      G
               +--------+--------+--------+--------+--------+-----+--------+
         Total |   4090 |   4020 |     70 |   1358 |   1969 |   3 | 1363.3 |
       Dungeon |   4090 |   4020 |     70 |   1358 |   1969 |   3 | 1363.3 |
               +--------+--------+--------+--------+--------+-----+--------+

Top non-repeatable levels by time:
     D:2: 1986 daAuts
     D:1: 1276 daAuts
     D:3: 827 daAuts
